 Dungeon Crawl Stone Soup version 0.30-a0-870-gc5d4c5acee (webtiles) character file.

Game seed: 14222655002737381606

172 freelancePsychic the Sneak (level 5, -1/35 HPs)
             Began as a Demonspawn Venom Mage on Mar 12, 2023.
             Was an Initiate of Vehumet.
             Engulfed by a cloud of flame (15 damage)
             ... on level 4 of the Dungeon.
             The game lasted 00:06:24 (3082 turns).

freelancePsychic the Sneak (Demonspawn Venom Mage)  Turns: 3082, Time: 00:06:25

Health: -1/35      AC:  5    Str:  9    XL:     5   Next: 27%
Magic:  8/8        EV: 12    Int: 24    God:    Vehumet [......]
Gold:   198        SH:  0    Dex: 13    Spells: 5/8 levels left

rFire   . . .      SeeInvis .    c - +0 dagger
rCold   . . .      Faith    .    (no shield)
rNeg    . . .      Spirit   .    a - +0 robe
rPois   .          Reflect  .    (no helmet)
rElec   .          Rampage  .    (no cloak)
rCorr   .                        j - +0 pair of gloves
Will    .....                    (no boots)
Stlth   +++                      (no amulet)
HPRegen 0.25/turn                k - +6 ring of intelligence
MPRegen 0.11/turn                (no ring)

@: no status effects
A: molten scales 1, powered by pain 1, spiny 2
a: Renounce Religion


You were on level 4 of the Dungeon.
You worshipped Vehumet.
Vehumet was noncommittal.
You visited 1 branch of the dungeon, and saw 5 of its levels.

You collected 198 gold pieces.

Inventory:

Hand Weapons
 c - a +0 dagger (weapon)
Armour
 a - a +0 robe (worn)
 g - a +0 ring mail of cold resistance
 j - a +0 pair of gloves (worn)
Jewellery
 k - a +6 ring of intelligence (left hand)
 o - an amulet of faith
 q - an amulet of regeneration
Wands
 f - a wand of paralysis (8)
Scrolls
 b - a scroll of blinking
 d - 4 scrolls of teleportation {@r4}
 e - a scroll of enchant weapon
 i - 2 scrolls of identify {@r1}
Potions
 h - a potion of berserk rage
 l - a potion of cancellation
 m - a potion of attraction {unknown}
 n - 2 potions of curing {unknown}
 p - 2 potions of degeneration {unknown}


   Skills:
 - Level 1.7 Dodging
 * Level 4.1 Stealth
 - Level 2.0 Spellcasting
 - Level 0.8 Transmutations
 - Level 2.0 Air Magic
 + Level 3.9 Poison Magic


You had 5 spell levels left.
You knew the following spells:

 Your Spells              Type           Power      Damage    Failure   Level
a - Sting                 Tmut/Pois      52%        1d5       4%          1
b - Poisonous Vapours     Pois/Air       32%        N/A       5%          2

Your spell library contained the following spells:

 Spells                   Type           Power      Damage    Failure   Level
 Kiss of Death            Conj/Necr      8%         2d6       12%         1
 Static Discharge         Conj/Air       14%        2-3/arc   12%         2
 Mephitic Cloud           Conj/Pois/Air  11%        N/A       16%         3
 Vhi's Electric Charge    Tloc/Air       14%        N/A       24%         3
 Olgreb's Toxic Radiance  Pois           21%        N/A       24%         4
 Confusing Touch          Hex            2%         N/A       34%         3
 Dispel Undead            Necr           2%         3d7       75%         4
 Arcjolt                  Conj/Air       3%         1d13      91%         5
 Lightning Bolt           Conj/Air       3%         1d15      91%         5


Dungeon Overview and Level Annotations

Branches:
Dungeon (5/15)
 Temple: D:4-7

Altars:
Vehumet

Annotations:
D:4 Ijyb
D:5 Dowan, Duvessa


Innate Abilities, Weirdness & Mutations

You are partially covered in molten scales. (AC +2)
You sometimes gain a little power by taking damage.
You are mostly covered in sharp spines.


Message History

Found a ruby potion.
Found a radiant altar of Vehumet.
There is a stone staircase leading up here.
There are monsters nearby!
Casting: Poisonous Vapours (safe; 5% risk of failure)
Confirm with . or Enter, or press ? or * to list all spells.
Aiming: Poisonous Vapours (safe; 5% risk of failure)
Press: ? - help, Dir - move target, f - kobold
Aim: a kobold, wielding a +0 club (asleep) Poisonous vapours surround the kobold!
The kobold is poisoned.
The kobold shouts!
The adder hisses angrily.
Casting: Poisonous Vapours (safe; 5% risk of failure)
Confirm with . or Enter, or press ? or * to list all spells.
Aiming: Poisonous Vapours (safe; 5% risk of failure)
Press: ? - help, Dir - move target, f/p - kobold
Aim: a kobold, wielding a +0 club (poisoned) Poisonous vapours surround the kobold!
The kobold looks even sicker.
You closely miss the kobold.
The kobold is moderately wounded.
The adder is struck by your spines. The adder barely misses you.
The kobold hits you with a +0 club.
You barely miss the adder.
The adder is almost dead.
The adder is struck by your spines.
You kill the adder!
The kobold hits you but does no damage.
Unknown command.
You hit the kobold.
You kill the kobold!
No target in view!
Really walk into a travel-excluded area?
Really walk into that cloud of flame?
Okay, then.
There is a radiant altar of Vehumet here.
You kneel at the altar of Vehumet.
Vehumet welcomes you!
You are engulfed in blazing flames.
Ouch! That really hurt!
You focus on the pain.
You feel your power returning.
You are engulfed in blazing flames.
You die...

#..#..##.####.........##.
#.!..).....##.##.....# #
#....<......#.#.##...#
#............... ##..#
#............#. ..##
#.........##.# ....
...##...#..## . ... ####
#....☼..##...
##..@........
#...☼...#... #...☼○....##
#...○...#..#
#...#...##.... #.#####..
... ... #.. .. .. ... #..


There were no monsters in sight!

Vanquished Creatures
  A scorpion (D:4)
  2 adders
  A worm (D:2)
  A dart slug (D:3)
  4 orcs (D:3)
  8 bats
  6 endoplasms
  3 giant cockroaches
  6 goblins
  9 hobgoblins
  6 jackals (D:1)
  10 kobolds
  5 quokkas
  5 ball pythons
  8 frilled lizards
  5 rats
80 creatures vanquished.

Notes
Turn   | Place    | Note
-------+----------+-------------------------------------------
     0 | D:1      | freelancePsychic the Demonspawn Venom Mage began the quest
                  | for the Orb.
     0 | D:1      | Reached XP level 1. HP: 13/13 MP: 3/3
   189 | D:1      | Reached skill level 2 in Stealth
   303 | D:1      | Gained mutation: You are partially covered in molten
                  | scales. (AC +2) [demonic ancestry]
   303 | D:1      | Reached XP level 2. HP: 16/19 MP: 1/5
   536 | D:1      | Learned a level 2 spell: Poisonous Vapours
   615 | D:1      | Reached skill level 1 in Air Magic
   660 | D:1      | Gained mutation: You are partially covered in sharp spines.
                  | [demonic ancestry]
   660 | D:1      | Reached XP level 3. HP: 20/24 MP: 4/6
  1085 | D:1      | Reached skill level 3 in Stealth
  1789 | D:2      | Gained mutation: You are mostly covered in sharp spines.
                  | [demonic ancestry]
  1789 | D:2      | Reached XP level 4. HP: 26/30 MP: 0/7
  1879 | D:2      | You fall into a shaft and drop 2 floors!
  1881 | D:4      | Identified the +1 mace of Qudaw {freeze, Contam Str+8 Dex+2
                  | SInv}
  1889 | D:4      | Noticed a scorpion
  1897 | D:4      | Killed a scorpion
  1935 | D:5      | Entered Level 5 of the Dungeon
  1966 | D:5      | Noticed Duvessa
  1966 | D:5      | Noticed Dowan
  1977 | D:4      | Noticed Ijyb
  2152 | D:3      | Gained mutation: You sometimes gain a little power by
                  | taking damage. [demonic ancestry]
  2152 | D:3      | Reached XP level 5. HP: 35/35 MP: 3/8
  2342 | D:3      | Reached skill level 4 in Stealth
  3060 | D:4      | Found a radiant altar of Vehumet.
  3081 | D:4      | Became a worshipper of Vehumet
  3082 | D:4      | Engulfed by a cloud of flame

Illustrated notes

Levels and vault maps discovered:
D:1:      dpeg_arrival_arbitrary_b, layout_rooms, st_stairs_11, minmay_quantized
D:2:      layout_rooms
D:3:      layout_loops_cross
D:4:      layout_cave_pools, fiery_altar_vehumet, serial_shops,
          nicolae_shop_advertising_works [nicolae_subvault_shop_adworks],
          minmay_door_square, uniq_ijyb
D:5:      layout_basic, mainiacjoe_overflow_alcove_2, gammafunk_ghost_smash,
          uniq_duvessa

Skill      XL: |  1  2  3  4  5 |
---------------+----------------+-----
Stealth        | 2 3 4 |  4.1
Air Magic      | 1 2 |  2.0
Dodging        | |  1.7
Spellcasting   | |  2.0
Transmutations | |  0.8
Poison Magic   | |  3.9

Action                     |  1- 3 |  4- 6 || total
---------------------------+-------+-------++-------
  Melee: Dagger            |    59 |    20 ||    79
         Punch             |     1 |     1 ||     2
   Cast: Sting             |    71 |     7 ||    78
         Poisonous Vapours |     7 |    20 ||    27
    Use: Potion            |     1 |       ||     1
         Scroll            |     4 |     2 ||     6
   Stab: Sleeping          |       |     5 ||     5
 Armour: Robe              |    25 |     2 ||    27
  Dodge: Dodged            |    64 |     9 ||    73

Table legend: (Time is in decaauts)
 A = Elapsed time spent in this place.
 B = Non-inter-level travel time spent in this place.
 C = Inter-level travel time spent in this place.
 D = Time resting spent in this place.
 E = Time spent auto-exploring this place.
 F = Levels seen in this place.
 G = Mean time per level.
                   A        B        C        D        E       F      G
               +--------+--------+--------+--------+--------+-----+--------+
         Total |   3082 |   2932 |    150 |     40 |   2328 |   5 |  616.4 |
       Dungeon |   3082 |   2932 |    150 |     40 |   2328 |   5 |  616.4 |
               +--------+--------+--------+--------+--------+-----+--------+

Top non-repeatable levels by time:
     D:1: 1458 daAuts
     D:3: 875 daAuts
     D:2: 614 daAuts
     D:4: 99 daAuts
     D:5: 34 daAuts
